AoeStats
← NoDdy

Pilgrims

509173584Analyzed
2v2 RM · 6d ago on Sep 25, 2026· 47m 43s· 4 players
Game mode
Random Map
Map size
Medium (4 player)
Population
200
Speed
Normal
Resources
Standard
Victory
Conquest
Starting age
Dark Age
Ending age
Imperial Age
RankedLock teamsTeams togetherTeam positionsShared explorationLock speedFull tech treeHidden civsTurbo modeCheats
Victory
Defeat
🇺🇸 Spanish · United States
753
+15
🇨🇱 Malay · Chile
742
+16
🇬🇧 Khmer · United Kingdom
783
-17
🇬🇧 Britons · United Kingdom
699
-14
Artful
8:28 Loom
13:03 Feudal Age
15:32 Wheelbarrow
14:51 Double-Bit Axe
16:41 Gold Mining
16:42 Stone Mining
16:47 Fletching
18:31 Padded Archer Armor
23:02 Castle Age
24:05 Bodkin Arrow
24:26 Leather Archer Armor
27:08 Gold Shaft Mining
27:19 Hand Cart
28:25 Bow Saw
27:54 Crossbowman
30:23 Murder Holes
40:02 Imperial Age
39:39 Yeomen
41:50 Chemistry
41:13 Elite Longbowman
43:27 Two-Man Saw
NoDdy
10:45 Loom
16:22 Feudal Age
19:37 Double-Bit Axe
20:52 Horse Collar
21:05 Gold Mining
21:05 Stone Mining
26:40 Castle Age
26:15 Wheelbarrow
29:06 Ballistics
28:41 Murder Holes
30:55 Hand Cart
40:54 Demolition Ship
42:57 Gold Shaft Mining
42:58 Stone Shaft Mining
50:02 Imperial Age
BeyondAllWords
11:55 Feudal Age
17:50 Double-Bit Axe
20:13 Castle Age
17:59 Loom
21:03 Scale Barding Armor
21:09 Forging
21:58 Medium Warships
23:15 Bloodlines
25:08 Wheelbarrow
30:12 Hand Cart
30:11 Fishing Lines
32:00 Bow Saw
35:45 Imperial Age
34:52 Padded Archer Armor
34:44 Fletching
35:15 Chain Barding Armor
38:27 Chemistry
37:50 Ballistics
38:06 Gillnets
39:41 Husbandry
40:35 Pikeman
41:16 Squires
42:11 Scale Mail Armor
42:27 Leather Archer Armor
42:08 Bodkin Arrow
42:50 Iron Casting
45:35 Halberdier
48:20 Blast Furnace
alfredo296gomez
11:57 Feudal Age
11:33 Fishing Lines
13:23 Double-Bit Axe
23:56 Castle Age
21:48 Loom
22:12 Fletching
22:38 Gold Mining
22:38 Stone Mining
22:31 Horse Collar
24:37 Gold Shaft Mining
24:37 Stone Shaft Mining
25:41 Bow Saw
26:05 Medium Warships
25:50 Gillnets
27:34 Bodkin Arrow
27:57 Thalassocracy
33:00 Imperial Age
32:27 Wheelbarrow
31:38 Town Watch
32:11 Squires
32:30 Forging
33:23 Ballistics
33:02 Heated Shot
33:09 Murder Holes
32:58 Treadmill Crane
35:18 Chemistry
35:37 Heavy Warships
35:54 Hand Cart
36:51 Town Patrol
36:42 Elite Cannon Galleon
37:58 Heavy Plow
39:23 Crop Rotation
39:12 Clinker Construction
39:15 Careening
39:15 Siphons
40:21 Bracer
39:53 Elite Karambit Warrior
42:26 Forced Levy
45:15 Arson
46:13 Iron Casting
46:47 Conscription
Connection lost

Rejoining the realm…

Still unreachable

The connection could not be restored.

Session expired

The server has moved on; the page needs a fresh start.